Map: Orbital Shipyard

Players

AiLillekanin (Lillekanin)

  • Race: Terran Terran
  • League: Master

Probe - Winner!

  • Race: Protoss Protoss
  • League: Master

Event: DreamHack ZOWIE Open Leipzig

VOD

Have the link to the VOD?

Description

Time

  • Played on: Jan. 22, 2016, 11:28 a.m.
  • Length: 8:19

All games in this series

Show
View Real Time Build Order
Export as new Build Order

AiLillekanin Terran 

Build Orders: 1/1/1, Liberator Opening 

Get SALT Encoding   

  12  0:00  SCV  
  13  0:13  SCV  
  14  0:18  Supply Depot  
  14  0:25  SCV  
  15  0:39  SCV  
  15  0:40  Barracks  
  16  0:44  Refinery  
  16  0:51  Refinery  
  16  0:52  SCV  
  17  1:04  SCV  
  18  1:17  SCV  
  19  1:29  Marine, Orbital Command  
  20  1:35  Factory  
  20  1:45  Supply Depot  
  20  1:51  Barracks Reactor  
  20  1:56  SCV  
  21  2:08  SCV  
  22  2:20  SCV  
  22  2:22  Factory Tech Lab  
  23  2:23  Starport  
  23  2:28  Marine x2  
  25  2:31  Supply Depot  
  25  2:35  SCV  
  26  2:39  Widow Mine  
  28  2:46  Marine  
  28  2:47  SCV, Marine  
  31  2:59  SCV  
  31  3:01  Medivac  
  31  3:03  Supply Depot  
  34  3:07  Marine  
  35  3:14  Liberator  
  35  3:17  Siege Tank  
  37  3:22  Supply Depot  
  40  3:37  Barracks  
  40  3:38  Marine  
  41  3:49  Siege Tank  
  41  3:52  Marine  
  45  3:56  Marine  
  45  3:58  Supply Depot  
  46  4:10  Marine  
  46  4:14  Marine  
  48  4:21  Siege Tank  
  48  4:23  Liberator  
  50  4:28  Marine  
  52  4:32  Marine  
  52  4:34  Barracks Tech Lab  
  53  4:46  Marine  
  53  4:49  Marine  
  55  4:54  Marine  
  56  5:00  Stimpack  
  56  5:04  Marine  
  56  5:06  Supply Depot  
  57  5:07  Marine  
  57  5:12  Marine  
  57  5:13  Engineering Bay  
  59  5:21  Marine  
  59  5:25  Siege Tank  
  59  5:28  Marine  
  64  5:31  Marine  
  62  5:38  Liberator  
  62  5:39  Marine  
  63  5:46  Marine  
  63  5:48  Marine  
  68  5:57  Marine  
  68  6:03  Marine  
  70  6:06  Marine  
  71  6:12  Supply Depot  
  71  6:21  Supply Depot  
  71  6:33  Marine x3  
  71  6:34  Siege Tank  
  76  6:50  Marine  
  76  6:51  Marine x2  
  47  7:08  Marine  
  47  7:09  Marine x2  
  38  7:17  SCV  
  39  7:26  Marine  
  39  7:27  Command Center  
  40  7:32  Starport Reactor  
  40  7:35  SCV  
  41  7:42  Missile Turret  
  41  7:43  Marine x2  
  43  7:47  Marine  
  47  7:58  SCV  
Show
View Real Time Build Order
Export as new Build Order

Probe Protoss - Winner!

Build Orders: 1 Gate Expand 

Get SALT Encoding   

  12  0:01  Probe (Chrono Boost)  
  13  0:11  Probe (Chrono Boost)  
  14  0:20  Pylon  
  14  0:22  Probe (Chrono Boost)  
  15  0:37  Gateway  
  15  0:38  Probe (Chrono Boost)  
  16  0:46  Assimilator  
  16  0:48  Probe (Chrono Boost)  
  17  0:59  Probe (Chrono Boost)  
  18  1:09  Probe (Chrono Boost)  
  19  1:20  Nexus  
  19  1:22  Probe (Chrono Boost)  
  20  1:32  Cybernetics Core  
  20  1:35  Probe (Chrono Boost)  
  21  1:42  Assimilator  
  21  1:46  Probe (Chrono Boost)  
  22  1:50  Pylon  
  22  1:59  Probe (Chrono Boost)  
  23  2:10  Mothership Core (Chrono Boost)  
  23  2:14  Adept  
  27  2:24  Warp Gate (Chrono Boost)  
  27  2:28  Probe (Chrono Boost)  
  28  2:34  Probe  
  29  2:39  Probe  
  29  2:41  Adept  
  32  2:45  Probe  
  32  2:46  Robotics Facility  
  33  2:51  Probe  
  33  2:55  Probe  
  35  3:04  Probe  
  36  3:06  Probe  
  36  3:08  Gateway  
  36  3:11  Gateway  
  37  3:16  Probe  
  37  3:18  Stalker  
  40  3:21  Probe  
  39  3:28  Probe, Pylon  
  39  3:33  Observer (Chrono Boost)  
  39  3:34  Probe  
  41  3:35  Pylon  
  42  3:43  Pylon  
  42  3:44  Probe x2  
  44  3:50  Observer (Chrono Boost)  
  45  3:56  Probe x2  
  45  4:02  Gateway  
  47  4:04  Gateway  
  47  4:11  Gateway  
  46  4:19  Stalker x3  
  49  4:25  Immortal  
  53  4:32  Probe x2  
  55  4:42  Twilight Council  
  55  4:45  Probe x2  
  56  4:50  Pylon, Assimilator  
  56  4:52  Assimilator  
  56  4:57  Probe x2  
  57  5:05  Stalker, Gateway  
  59  5:07  Adept  
  59  5:10  Observer  
  59  5:12  Stalker  
  64  5:33  Stalker  
  64  5:34  Stalker, Warp Prism  
  64  5:37  Zealot x4  
  74  5:43  Probe x2  
  76  5:50  Blink (Chrono Boost)  
  76  5:53  Pylon  
  76  5:58  Pylon  
  75  6:06  Stalker  
  75  6:09  Immortal  
  77  6:15  Pylon  
  81  6:20  Stalker x2  
  85  6:44  Adept x6  
  85  6:47  Immortal  
  79  7:10  Stalker x5  
  79  7:14  Probe  
  84  7:27  Stalker x2  
  88  7:42  Nexus  
  88  7:51  Stalker x4  
  92  8:08  Adept x3  
  93  8:17  Adept  
  93  8:18  Adept x2  

Tags
 
Add a new tag
Caveats
  • Supply blocks, unpowered buildings, or Contaminate may cause inaccurate times.
  • Supply counts are checked every 10 seconds.